 Dungeon Crawl Stone Soup version 0.22-a0-406-g9ff8d77 (webtiles) character file.

12170 dstrtnsr the Cleaver (level 11, -24/99 HPs)
             Began as a Deep Dwarf Fighter on May 8, 2018.
             Was a Priest of Makhleb.
             Hit by a large rock thrown by a cyclops (31 damage)
             ... on level 11 of the Dungeon.
             The game lasted 00:10:30 (4796 turns).

dstrtnsr the Cleaver (Deep Dwarf Fighter)           Turns: 4796, Time: 00:10:31

Health: -24/99     AC:  8    Str: 26    XL:     11   Next: 58%
Magic:  0/0        EV:  8    Int:  9    God:    Makhleb [***...]
Gold:   1402       SH: 12    Dex: 16    Spells: 10/10 levels left

rFire    . . .     SeeInvis +   x - +0 broad axe of Ravage {protect, rN++ MR- Dex+4 SInv} (curse)
rCold    . . .     Gourm    .   c - +0 shield
rNeg     + + +     Faith    .   b - +0 scale mail
rPois    .         Spirit   .   (no helmet)
rElec    .         Reflect  .   (no cloak)
rCorr    .         Harm     .   (no gloves)
MR       .....                  (no boots)
Stlth    ..........             (no amulet)
HPRegen  0.00/turn              m - ring of positive energy
MPRegen  0.07/turn              u - +3 ring of strength

@: non-regenerating
A: damage resistance, heal wounds, sense surroundings 2, no regeneration
a: Heal Wounds, Minor Destruction, Lesser Servant of Makhleb, Renounce Religion


You were on level 11 of the Dungeon.
You worshipped Makhleb.
Makhleb was most pleased with you.
You were hungry.

You visited 2 branches of the dungeon, and saw 12 of its levels.

You collected 1486 gold pieces.
You spent 84 gold pieces at shops.

Inventory:

Hand Weapons
 x - the cursed +0 broad axe of Ravage (weapon) {protect, rN++ MR- Dex+4 SInv}
   (You took it off a centaur on level 11 of the Dungeon)

   It protects the one who uses it against injury (+AC on strike).
   It affects your dexterity (+4).
   It greatly protects you from negative energy.
   It affects your resistance to hostile enchantments.
   It lets you see invisible.
   It has a curse placed upon it.
Armour
 b - a +0 scale mail (worn)
 c - a +0 shield (worn)
Jewellery
 m - a ring of positive energy (left hand)
 u - a +3 ring of strength (right hand)
Wands
 C - a wand of acid (21)
 I - a wand of iceblast (10)
 M - a wand of polymorph (7)
Scrolls
 h - 2 scrolls of magic mapping
 i - a scroll of amnesia {unknown}
 l - 4 scrolls of remove curse {@r2}
 v - a scroll of enchant armour {unknown}
 w - a scroll of fog
Potions
 d - 2 potions of might
 g - 2 potions of brilliance
 j - a potion of cancellation
 n - 3 potions of lignification
 o - a potion of invisibility
 p - a potion of agility
 q - a potion of flight {unknown}
 r - 3 potions of curing {@qq}
 s - 2 potions of degeneration
 t - a potion of heal wounds {unknown}
Comestibles
 e - 7 rations {!d}


   Skills:
 + Level 6.9 Fighting
 * Level 11.0 Axes
 + Level 8.2 Armour
 + Level 8.3 Shields
 * Level 10.9 Invocations
 + Level 7.6 Evocations


You had 10 spell levels left.
You didn't know any spells.

Dungeon Overview and Level Annotations

Branches:
Dungeon (11/15)            Temple (1/1) D:4             Orc (0/2) D:9
   Lair: D:8-11

Altars:
Ashenzari
Cheibriados
Dithmenos
Elyvilon
Fedhas
Gozag
Hepliaklqana
Makhleb
Nemelex Xobeh
Okawaru
Qazlal
Ru
Sif Muna
Trog
Uskayaw
Vehumet
Wu Jian
Xom
Yredelemnul
Zin
The Shining One

Shops:
D:7 ?


Innate Abilities, Weirdness & Mutations

You are resistant to damage.
You can heal yourself by infusing magical energy.
You passively map the area around you.
You do not regenerate.


Message History

A demon appears!
The fire dragon breathes flames at you. The blast of flame misses you.
You hear an angry buzzing noise.
A demon appears!
You block the fire dragon's attack. x2
The fire dragon tramples you.
You stumble backwards!
Your orange demon stings the fire dragon.
Your orange demon hits the fire dragon but does no damage.
Unknown command.
You slash the fire dragon!
Your weapon exudes an aura of protection.
The fire dragon is lightly wounded.
You block the fire dragon's attack.
The fire dragon claws you but does no damage.
The fire dragon tramples you.
You hold your ground!
Your orange demon stings the fire dragon.
Your orange demon hits the fire dragon but does no damage.
Your smoke demon hits the fire dragon.
Your smoke demon closely misses the fire dragon.
Your smoke demon hits the fire dragon but does no damage.
You barely miss the fire dragon.
The fire dragon is lightly wounded.
The fire dragon bites you but does no damage.
You block the fire dragon's attack. x2
Your orange demon stings the fire dragon!
Your orange demon hits the fire dragon but does no damage.
Your smoke demon hits the fire dragon but does no damage. x2
Your smoke demon barely misses the fire dragon.
You slash the fire dragon!
The fire dragon is heavily wounded.
You block the fire dragon's attack. x2; The fire dragon tramples you!
You hold your ground!
Your smoke demon hits the fire dragon.
Your smoke demon hits the fire dragon but does no damage. x2
Your orange demon stings the fire dragon!
Your orange demon hits the fire dragon.
The fire dragon looks weaker.
You are too injured to fight recklessly!
You are too injured to fight recklessly!
You are too injured to fight recklessly!
You are too injured to fight recklessly!
You are too injured to fight recklessly!
You are too injured to fight recklessly!
You are too injured to fight recklessly!
You hit the fire dragon but do no damage.
The fire dragon is heavily wounded.
The fire dragon breathes flames at you. The blast of flame hits you!
* * * LOW HITPOINT WARNING * * *
Your smoke demon gestures at the fire dragon.
The sticky flame hits the fire dragon.
The fire dragon resists.
The fire dragon is covered in liquid flames!
Your orange demon stings the fire dragon!
Your orange demon closely misses the fire dragon.
You catch the helpless fire dragon completely off-guard!
You hit the fire dragon.
The fire dragon is severely wounded.
The fire dragon burns!
The fire dragon bites you but does no damage.
The fire dragon claws you but does no damage.
The fire dragon tramples you.
* * * LOW HITPOINT WARNING * * *
You hold your ground!
Your smoke demon gestures at the fire dragon.
The fire dragon is smitten.
Your orange demon stings the fire dragon but does no damage.
Your orange demon hits the fire dragon.
You slash the fire dragon!
The fire dragon is almost dead.
The fire dragon burns!
You block the fire dragon's attack. The fire dragon barely misses you.
The fire dragon tramples you but does no damage.
Your smoke demon barely misses the fire dragon.
Your smoke demon hits the fire dragon. x2
Your orange demon stings the fire dragon!
The fire dragon dies!
Makhleb accepts your kill.
Your Axes skill increases to level 11!
You see here a +1 war axe.
Unknown command.
The ogre shouts!
Things that are here:
a dire flail x2; a two-headed ogre corpse All of the chunks of flesh in your inventory have rotted away.
Evoke which item? (* to show all) (? for menu, Esc to quit)
Aiming: Corrosive Bolt
Press: ? - help, Shift-Dir - straight line, f - killer bee
Aim: a killer bee The bolt of acid hits the ogre.
The ogre is splashed with acid.
You kill the ogre!
Makhleb accepts your kill.
The bolt of acid hits the killer bee.
The killer bee is splashed with acid.
You kill the killer bee!
Makhleb accepts your kill.
You feel better.
Unknown command.
e - 7 rations {!d} (gained 1)
You swap places.
A cyclops comes into view.
You see here a giant club.
The cyclops throws a large rock.
The large rock hits you!!
You die...

* * , , * , , , ,, , , * * , *
**########## ######## ,,
##.#.##...# #.....## , ..# *
#..#..#).####.....## * #.#.#, *
###.##..#.#.#.....†) #.#.#
#..#43####3.#.....## #.#.#
##.#)## #...#.....# ##.#.#
,**###@#####.#####3#### , ....#
,, #.#†.##...3.#..#).#. ##<..#
*#).#.#####3#3##..#. ,
#.÷..#......C.#..#.......#3###. ,
#....#.....#.#..##.#####..##.#.
.##....#.... ## .#.#.. ,#.....#.
....÷..##########################
###...........,............(....)
..............*##..######.#######


You could see a cyclops, a friendly orange demon and a friendly smoke demon.

Vanquished Creatures
  4 two-headed ogres
  An ogre mage (D:11)
  A cyclops (D:11)
  An ugly thing (D:7)
  2 centaur zombies
  2 trolls
  2 hippogriffs
  A vampire (D:11)
  A shadow (D:11)
  A human (D:7)
  7 yaks
  Menkaure (D:6)
  2 hungry ghosts (D:9)
  2 vampire mosquitoes (D:9)
  A soldier ant (D:11)
  Duvessa (D:4)
  A porcupine (D:8)
  An orc warrior (D:11)
  A hornet zombie (D:9)
  2 ice beasts
  2 phantoms
  2 sky beasts (D:9)
  4 ogres
  A black bear (D:11)
  4 centaurs
  7 bullfrogs
  A water moccasin zombie (D:5)
  3 scorpions
  Dowan (D:4)
  A killer bee (D:11)
  A water moccasin skeleton (D:10)
  4 howler monkeys
  3 crimson imps
  A bullfrog zombie (D:11)
  3 jellies
  10 orc wizards
  2 orc priests
  2 hounds
  A bullfrog skeleton (D:7)
  A centaur skeleton (D:8)
  4 iguanas
  2 worker ants
  2 hound zombies
  A hound skeleton (D:4)
  9 adders
  A shadow imp (D:10)
  2 oozes
  2 adder zombies (D:8)
  2 worms
  A dart slug (D:3)
  3 leopard geckos
  18 orcs
  A ball python (D:2)
  3 goblins (D:1)
  5 hobgoblins
  6 jackals
  6 quokkas
  4 bats
  3 frilled lizards
  3 kobolds
  3 rats
  2 fungi (D:8)
172 creatures vanquished.

Vanquished Creatures (collateral kills)
  A fire dragon (D:11)
  3 ugly things (D:11)
  A centaur zombie (D:11)
  A scorpion (D:11)
  A wight (D:11)
  A quasit (D:11)
8 creatures vanquished.

Vanquished Creatures (others)
  A fungus (D:8)
1 creature vanquished.

Grand Total: 181 creatures vanquished

Notes
Turn   | Place    | Note
-------+----------+-------------------------------------------
     0 | D:1      | dstrtnsr the Deep Dwarf Fighter began the quest for the Orb.
     0 | D:1      | Reached XP level 1. HP: 20/20 MP: 1/1
   236 | D:1      | Reached XP level 2. HP: 22/27 MP: 2/2
   311 | D:2      | Reached skill level 3 in Axes
   402 | D:2      | Reached XP level 3. HP: 20/33 MP: 3/3
   532 | D:3      | Reached XP level 4. HP: 28/42 MP: 4/4
   538 | D:3      | HP: 13/42 [orc/trident (6)]
   571 | D:4      | Noticed Duvessa
   575 | D:4      | Noticed Dowan
   585 | D:4      | Killed Dowan
   585 | D:4      | Reached skill level 4 in Axes
   585 | D:4      | Reached XP level 5. HP: 30/49 MP: 4/4
   589 | D:4      | Killed Duvessa
   589 | D:4      | Reached XP level 6. HP: 27/56 MP: 5/5
   717 | D:4      | Found a staircase to the Ecumenical Temple.
   722 | Temple   | Entered the Ecumenical Temple
   913 | Temple   | Became a worshipper of Makhleb the Destroyer
  1066 | D:5      | Entered Level 5 of the Dungeon
  1087 | D:5      | HP: 21/57 [centaur (7)]
  1094 | D:5      | Reached skill level 5 in Axes
  1152 | D:5      | HP: 22/57 [orc/mace (1)]
  1199 | D:5      | Reached XP level 7. HP: 50/64 MP: 6/6
  1220 | D:6      | Found a basalt altar of Yredelemnul.
  1246 | D:6      | HP: 21/64 [ogre/giant spiked club (8)]
  1254 | D:6      | Reached skill level 5 in Armour
  1254 | D:6      | Reached skill level 5 in Shields
  1285 | D:6      | Noticed Menkaure
  1290 | D:6      | HP: 15/64 [Menkaure (17)]
  1295 | D:6      | HP: 18/64 [Menkaure (6)]
  1299 | D:6      | Killed Menkaure
  1299 | D:6      | Reached skill level 6 in Axes
  1299 | D:6      | Reached skill level 1 in Invocations
  1299 | D:6      | Reached skill level 1 in Evocations
  1549 | D:6      | HP: 23/64 [leopard gecko (2)]
  1568 | D:6      | Found a bloodstained altar of Trog.
  1570 | D:6      | Found a radiant altar of Vehumet.
  1570 | D:6      | Found a white marble altar of Elyvilon.
  1637 | D:7      | Noticed a cyan ugly thing
  1684 | D:7      | HP: 12/66 [orc warrior/glaive (17)]
  1685 | D:7      | HP: 4/66 [orc warrior/glaive (8)]
  1693 | D:6      | HP: 21/66 [orc wizard/puff of frost (7)]
  1697 | D:6      | Reached * piety under Makhleb
  1707 | D:7      | HP: 10/66 [orc warrior/glaive (19)]
  1717 | D:7      | HP: 23/66 [acid (4)]
  1721 | D:7      | HP: 6/66 [acid (6)]
  1726 | D:7      | HP: 12/66 [naga/glaive (14)]
  1734 | D:7      | HP: 26/66 [ice beast (3)]
  1744 | D:7      | HP: 26/66 [ice beast (12)]
  1791 | D:7      | Found a hide-covered altar of Uskayaw.
  1815 | D:7      | Reached XP level 8. HP: 68/73 MP: 3/5
  1844 | D:7      | HP: 22/73 [orc priest/divine providence (9)]
  1884 | D:7      | Reached skill level 7 in Axes
  1909 | D:7      | Found an iron altar of Okawaru.
  1916 | D:7      | HP: 24/73 [cyan ugly thing (14)]
  1916 | D:7      | HP: 5/73 [cyan ugly thing (16)]
  1932 | D:7      | HP: 31/109 [cyan ugly thing (14)]
  1938 | D:7      | HP: 43/109 [white ugly thing (23)]
  1942 | D:7      | HP: 8/109 [white ugly thing (30)]
  1946 | D:7      | Killed a green ugly thing
  1946 | D:7      | Reached skill level 5 in Fighting
  1946 | D:7      | Reached skill level 5 in Invocations
  2165 | D:7      | Found Lirob's Magic Scroll Shoppe.
  2186 | D:7      | Bought a scroll of teleportation for 42 gold pieces
  2186 | D:7      | Bought a scroll of noise for 14 gold pieces
  2186 | D:7      | Bought a scroll of identify for 28 gold pieces
  2298 | D:8      | Found a glowing golden altar of the Shining One.
  2309 | D:8      | Gained mutation: You passively map the area around you. [Deep Dwarf growth]
  2309 | D:8      | Reached XP level 9. HP: 64/81 MP: 6/6
  2406 | D:8      | Reached ** piety under Makhleb
  2463 | D:8      | HP: 31/81 [porcupine's spines (3)]
  2538 | D:8      | HP: 28/81 [centaur/arrow (10)]
  2544 | D:8      | HP: 19/81 [centaur (3)]
  2551 | D:8      | Reached skill level 8 in Axes
  2749 | D:8      | Found an opulent altar of Gozag.
  2906 | D:8      | HP: 30/81 [yak (8)]
  2937 | D:8      | HP: 31/81 [yak (2)]
  2974 | D:9      | Noticed a troll
  2987 | D:9      | HP: 32/81 [troll (1)]
  2994 | D:9      | Killed a troll
  3072 | D:9      | Noticed a two-headed ogre
  3076 | D:9      | HP: 20/81 [two-headed ogre/giant spiked club (14)]
  3093 | D:9      | Killed a two-headed ogre
  3093 | D:9      | Reached skill level 9 in Axes
  3093 | D:9      | Reached skill level 5 in Evocations
  3093 | D:9      | Reached XP level 10. HP: 68/91 MP: 3/3
  3165 | D:9      | Found a staircase to the Orcish Mines.
  3292 | D:9      | HP: 33/91 [scorpion (5)]
  3306 | D:9      | HP: 29/91 [phantom (4)]
  3412 | D:9      | Noticed a two-headed ogre
  3417 | D:9      | HP: 13/91 [two-headed ogre/giant club (24)]
  3432 | D:9      | HP: 29/91 [two-headed ogre/giant club (17)]
  3439 | D:9      | HP: 27/91 [two-headed ogre/giant club (10)]
  3446 | D:9      | Killed a two-headed ogre
  3609 | D:10     | Entered Level 10 of the Dungeon
  3635 | D:10     | Reached *** piety under Makhleb
  3755 | D:10     | Reached skill level 10 in Axes
  4227 | D:10     | Found a sparkling altar of Nemelex Xobeh.
  4356 | D:11     | Noticed a fire dragon
  4444 | D:11     | Noticed a cyclops
  4458 | D:11     | Killed a cyclops
  4458 | D:11     | Reached XP level 11. HP: 68/99 MP: 4/4
  4467 | D:11     | Noticed a two-headed ogre
  4484 | D:11     | HP: 37/99 [orc warrior/vampiric hand axe (10)]
  4484 | D:11     | HP: 15/99 [two-headed ogre/giant club (5)]
  4491 | D:11     | HP: 35/99 [orc warrior/vampiric hand axe (15)]
  4506 | D:11     | Killed a two-headed ogre
  4506 | D:11     | Reached skill level 10 in Invocations
  4508 | D:11     | HP: 37/99 [orc warrior/vampiric hand axe (8)]
  4513 | D:11     | HP: 39/99 [ice beast (3)]
  4556 | D:11     | Noticed a red ugly thing
  4557 | D:11     | Noticed an ogre mage
  4571 | D:11     | Killed an ogre mage
  4576 | D:11     | Killed a red ugly thing
  4699 | D:11     | Noticed a red ugly thing
  4702 | D:11     | Noticed a green ugly thing
  4704 | D:11     | HP: 28/99 [red ugly thing (19)]
  4732 | D:11     | Killed a white ugly thing
  4733 | D:11     | Noticed a two-headed ogre
  4741 | D:11     | Killed a purple ugly thing
  4748 | D:11     | HP: 36/99 [two-headed ogre/dire flail (15)]
  4749 | D:11     | Killed a two-headed ogre
  4757 | D:11     | Got a jewelled broad axe {protect}
  4767 | D:11     | Identified the cursed +0 broad axe of Ravage {protect, rN++ MR- Dex+4 SInv} (You took it off a centaur on level 11 of the Dungeon)
  4773 | D:11     | HP: 14/99 [fire dragon/blast of flame (36)]
  4780 | D:11     | HP: 33/99 [fire dragon (5)]
  4781 | D:11     | HP: 6/99 [fire dragon/blast of flame (27)]
  4783 | D:11     | Killed a fire dragon
  4783 | D:11     | Reached skill level 11 in Axes
  4796 | D:11     | Hit by a large rock thrown by a cyclops

Vault maps used:
D:1:      roderic_chinese_lattice_arrival, hangedman_decor_points,
          minmay_misc_feat_roman
D:2:      kiku_gazebo_pond_becter, trog_book
D:3:      lightli_sewer_entry_pipes
D:4:      minmay_temple_entry_nine_rooms, serial_shops, shop, uniq_grinder,
          uniq_crazy_yiuf_cottage, uniq_duvessa
D:5:      first_ration, nicolae_ru_great_annihilating_truth
D:6:      gammafunk_temple_overflow_claw, kennysheep_mini,
          minmay_misc_feat_tiny, uniq_menkaure
D:7:      kennysheep_little_box, serial_shops, nicolae_shop_stone,
          grunt_livestock, okawaru_metal_pillars_3
D:8:      nicolae_tso_carved_into_rock, grunt_lair_entry_orc_guard_hut,
          grunt_gozag_breadcrumbs
D:9:      orc_0_dummy, nooodl_food_tri
D:10:     basic_altar
D:11:     minmay_the_grid_square_5x5_5x5, uniq_harold
Temple:   regret_index_temple_generic_petals

Skill      XL: |  1  2  3  4  5  6  7  8  9 10 11 |
---------------+----------------------------------+-----
Axes           | 3 4 5 6 7 9 10 11 | 11.0
Fighting       | 3 4 5 6 |  6.9
Armour         | 4 5 6 7 8 |  8.2
Shields        | 4 5 6 7 8 |  8.3
Invocations    | 2 5 7 9 10 | 10.9
Evocations     | 1 3 5 6 7 |  7.6

Action                   |  1- 3 |  4- 6 |  7- 9 | 10-12 || total
-------------------------+-------+-------+-------+-------++-------
Melee: War axe           |    74 |   137 |   297 |   349 ||   857
       Broad axe         |       |       |       |     6 ||     6
Invok: Lesser Servant of |       |       |       |    12 ||    12
 Abil: Heal Wounds       |     1 |     5 |    44 |    24 ||    74
Evoke: Wand              |       |       |     7 |     1 ||     8
  Use: Potion            |       |     1 |     2 |       ||     3
       Scroll            |       |       |    12 |     5 ||    17
 Stab: Distracted        |       |       |       |     2 ||     2
  Eat: Chunk             |       |     2 |     3 |    10 ||    15
       Ration            |       |       |     1 |       ||     1
Armor: Scale mail        |    46 |    44 |    85 |   115 ||   290
       Skin              |       |       |    11 |       ||    11
Dodge: Dodged            |    21 |    37 |    79 |    94 ||   231
Block: Shield            |    53 |    79 |   186 |   205 ||   523

Table legend:
 A = Spawn XP
 B = Non-spawn XP
 C = Spawn XP percentage of total XP
 D = Spawn monster count
 E = Non-spawn monster count
 F = Spawn count percentage of total count
 G = Total turns spent on level
                    A         B        C        D         E        F      G
               +---------+---------+-------+---------+---------+-------+---------
         Total |       0 |   17386 |   0.0 |       0 |     178 |   0.0 |  4796
               +---------+---------+-------+---------+---------+-------+---------
           D:1 |       0 |      12 |   0.0 |       0 |       8 |   0.0 |   236
           D:2 |       0 |      32 |   0.0 |       0 |      12 |   0.0 |   177
           D:3 |       0 |     120 |   0.0 |       0 |      10 |   0.0 |   158
           D:4 |       0 |     282 |   0.0 |       0 |       8 |   0.0 |   275
           D:5 |       0 |     299 |   0.0 |       0 |      13 |   0.0 |   145
           D:6 |       0 |     463 |   0.0 |       0 |       9 |   0.0 |   484
           D:7 |       0 |    1495 |   0.0 |       0 |      16 |   0.0 |   556
           D:8 |       0 |    1598 |   0.0 |       0 |      18 |   0.0 |   713
           D:9 |       0 |    4424 |   0.0 |       0 |      25 |   0.0 |   645
          D:10 |       0 |    1552 |   0.0 |       0 |      21 |   0.0 |   747
          D:11 |       0 |    7109 |   0.0 |       0 |      38 |   0.0 |   440
               +---------+---------+-------+---------+---------+-------+---------
